 Dungeon Crawl Stone Soup version 0.19.4-9-g45fd643 (webtiles) character file.

7128 protoss039 the Destroyer (level 10, -8/91 HPs)
             Began as a Black Draconian Conjurer on Feb 17, 2017.
             Was a Believer of Vehumet.
             Mangled by a brown ugly thing (16 damage)
             ... on level 11 of the Dungeon on Feb 18, 2017.
             The game lasted 01:09:31 (10589 turns).

protoss039 the Destroyer (DrCj)                    Turns: 10589, Time: 01:09:32

Health: -8/91      AC:  4    Str: 20    XL:     10   Next: 85%
Magic:  23/23      EV: 12    Int: 21    God:    Vehumet [**....]
Gold:   466        SH:  0    Dex: 13    Spells: 6 memorised, 9 levels left

rFire  . . .     SeeInvis .     K - +2 spear (pierce)
rCold  . . .     Gourm    .     (armour unavailable)
rNeg   + . .     Faith    .     (no shield)
rPois  +         Spirit   .     a - +0 hat of It's Over Quickly {+Blink rN+}
rElec  +         Reflect  +     (no cloak)
rCorr  .         Harm     .     e - +2 pair of gloves
MR     +....                    g - +1 pair of boots
Stlth  ++........               z - +3 amulet of reflection
                                (no ring)
                                B - ring "Zeklesit" {rPois MR+ Str+7 Int+2 Stlth+}

@: confused, corroded
A: breathe lightning, unfitting armour, hooves 1, agile 1, poison resistance,
screaming 1, electricity resistance, strong 1, cold-blooded, AC +7
a: Breathe Lightning, Renounce Religion, Evoke Blink


You were on level 11 of the Dungeon.
You worshipped Vehumet.
Vehumet was pleased with you.
You were hungry.

You visited 1 branch of the dungeon, and saw 11 of its levels.
You also visited: Ossuary.

You collected 466 gold pieces.

Inventory:

Hand Weapons
 r - a +3 scimitar of flaming
 G - a +1 mace
 K - a +2 spear of piercing (weapon)
Armour
 a - the +0 hat of It's Over Quickly (worn) {+Blink rN+}
   (You acquired it on level 9 of the Dungeon)

   It protects you from negative energy.
   It lets you blink.
 e - a +2 pair of gloves (worn)
 g - a +1 pair of boots (worn)
Jewellery
 z - a +3 amulet of reflection (around neck)
 B - the ring "Zeklesit" (left hand) {rPois MR+ Str+7 Int+2 Stlth+}
   (You found it on level 5 of the Dungeon)

   [ring of protection from magic]

   It affects your strength (+7).
   It affects your intelligence (+2).
   It protects you from poison.
   It affects your resistance to hostile enchantments.
   It makes you more stealthy.
Wands
 f - a wand of iceblast (7/15)
 j - a wand of digging (16/24)
 k - a wand of lightning (4/15)
 q - a wand of iceblast (8/15)
 D - a wand of flame (21/48)
 F - a wand of random effects (20/48)
 I - a wand of flame (14/48)
 O - a wand of confusion (14/48)
Scrolls
 c - 5 scrolls of enchant weapon
 h - 8 scrolls of remove curse
 i - a scroll of recharging
 w - 2 scrolls of blinking
 A - 3 scrolls of teleportation
 L - a scroll of amnesia
Potions
 l - a potion of cancellation {unknown}
 n - 3 potions of flight
 o - a potion of cure mutation {unknown}
 p - 2 potions of berserk rage
 s - a potion of brilliance {unknown}
 t - 3 potions of ambrosia
 u - a potion of mutation {unknown}
 v - a potion of invisibility {unknown}
 x - a potion of lignification {unknown}
 Q - a potion of resistance {unknown}
Books
 y - a book of Misfortune

   Spells                             Type                      Level
   a - Confusing Touch                Hexes                        1
   b - Confuse                        Hexes                        3
   c - Gell's Gravitas                Hexes/Translocation          3
   d - Petrify                        Transmutation/Earth          4
   e - Metabolic Englaciation         Hexes/Ice                    5
   f - Yara's Violent Unravelling     Hexes/Transmutation          5
 H - a book of Geomancy

   Spells                             Type                      Level
   a - Sandblast                      Earth                        1
   b - Passwall                       Transmutation/Earth          2
   c - Stone Arrow                    Conjuration/Earth            3
   d - Petrify                        Transmutation/Earth          4
   e - Lee's Rapid Deconstruction     Earth                        5
 M - Icheddie's Early Guide to Wizardry
   (You found it on level 9 of the Dungeon)

   Spells                             Type                      Level
   a - Shroud of Golubria             Charms/Translocation         2
   b - Swiftness                      Charms/Air                   2
   c - Throw Flame                    Conjuration/Fire             2
   d - Blink                          Translocation                2
   e - Sticks to Snakes               Transmutation                2
Comestibles
 b - 5 bread rations
 d - 8 meat rations
 m - 9 chunks of flesh
 E - 27 fruits
 N - a beef jerky


   Skills:
 - Level 9.2 Fighting
 - Level 1.7 Dodging
 - Level 1.7 Stealth
 + Level 9.0 Spellcasting
 - Level 10.4 Conjurations
 * Level 5.9 Air Magic


You had 9 spell levels left.
You knew the following spells:

 Your Spells              Type           Power        Failure   Level  Hunger
a - Magic Dart            Conj           ####         1%          1    None
b - Searing Ray           Conj           ######       1%          2    None
c - Iskenderun's Mystic   Conj           ######..     1%          4    ###....
d - Fulminant Prism       Conj/Hex       ####......   12%         4    ###....
e - Iskenderun's Battles  Conj/Chrm      ####....     28%         5    #####..
f - Swiftness             Chrm/Air       ###.....     3%          2    None


Dungeon Overview and Level Annotations

Branches:
Dungeon (11/15)            Temple (0/1) D:7            Lair (0/6) D:8
    Orc (0/2) D:9

Altars:
Cheibriados
Dithmenos
Fedhas
Gozag
Hepliaklqana
Qazlal
Ru
Trog
Vehumet
Xom
Zin
The Shining One

Annotations:
D:3 1 exclusion
D:4 Dowan; Duvessa; Robin; esteth's ghost, novice GrEE
D:9 exclusion: oklob plant, Erolcha


Innate Abilities, Weirdness & Mutations

You can breathe wild blasts of lightning.
Your glossy black scales are hard. (AC +7)
You cannot fit into any form of body armour.
You are resistant to electric shocks. (rElec)
You are cold-blooded and may be slowed by cold attacks.
You have large cloven feet.
You are agile. (Dex +2)
Your system is resistant to poisons. (rPois)
You occasionally shout uncontrollably at your foes.
Your muscles are strong. (Str +2)


Message History

* * * LOW HITPOINT WARNING * * *
Unknown command.
Okay, then.
You're too confused!
Unknown command.
The brown ugly thing headbutts you.
* * * LOW HITPOINT WARNING * * *
The acid corrodes you!
You are splashed with acid!
The acid burns!
* * * LOW HITPOINT WARNING * * *
Unknown command.
You hit the brown ugly thing but do no damage.
The brown ugly thing is severely wounded.
The brown ugly thing headbutts you!
* * * LOW HITPOINT WARNING * * *
The acid corrodes you!
You are splashed with acid!
The acid burns!
* * * LOW HITPOINT WARNING * * *
Unknown command.
Unknown command.
The brown ugly thing headbutts you!
You die...

#.........#
##........#
#........#
##.......#
####......#
#.###.....# ##.#
#.....#
#.u####....##
#.@.........#####..
##.###.....[.......
### ##....###.....
#.....# ....
##.....# ...
###......# ..
#.........# .
#...........(.
#...)........#.


You could see a brown ugly thing.

Vanquished Creatures
  Erica (D:11)
  Pikel (D:7)
  Joseph (D:10)
  A troll (D:10)
  A two-headed ogre (D:9)
  A hippogriff (D:7)
  A wraith (D:10)
  4 yaks (D:10)
  2 slaves (D:7)
  Eustachio (D:8)
  2 water moccasins
  3 orc warriors
  3 ice beasts
  2 sky beasts
  A black bear (D:9)
  3 phantoms
  A necrophage (D:10)
  3 ogres
  3 centaurs
  A big kobold (D:8)
  Blork the orc (D:5)
  12 killer bees
  3 howler monkeys
  3 wights (D:9)
  A centaur zombie (D:5)
  2 crimson imps
  A quasit (D:8)
  3 human zombies (Ossuary)
  A jelly (D:6)
  A bullfrog skeleton (D:5)
  3 orc priests
  2 centaur skeletons
  5 hounds
  5 orc wizards
  An iguana (D:5)
  7 worker ants
  A big kobold zombie (Ossuary)
  2 mummies (Ossuary)
  7 gnolls
  5 adders
  2 shadow imps
  2 adder zombies
  2 worms
  2 dart slugs
  7 leopard geckos
  29 orcs
  10 bats
  5 giant cockroaches
  7 goblins
  3 hobgoblins
  4 jackals (D:7)
  A ball python (D:1)
  6 frilled lizards
  A goblin zombie (D:8)
  11 hobgoblin zombies
  A jackal skeleton (D:5)
  4 jackal zombies (Ossuary)
  6 kobolds
  4 kobold skeletons (D:8)
  9 kobold zombies
  A leopard gecko skeleton (D:4)
  14 orc zombies
  A quokka skeleton (D:5)
  5 rats
  2 rat zombies (Ossuary)
241 creatures vanquished.

Vanquished Creatures (others)
  A hungry ghost (D:7)
  2 slaves (D:7)
  An adder (D:7)
  An ooze (D:7)
  A giant cockroach (D:7)
  2 quokkas (D:7)
  24 fulminant prisms
  8 toadstools (D:9)
40 creatures vanquished.

Grand Total: 281 creatures vanquished

Notes
Turn   | Place    | Note
-------+----------+-------------------------------------------
     0 | D:1      | protoss039 the Draconian Conjurer began the quest for the Orb.
     0 | D:1      | Reached XP level 1. HP: 14/14 MP: 3/3
   173 | D:1      | Reached XP level 2. HP: 20/20 MP: 1/5
   687 | D:2      | Reached skill level 5 in Conjurations
   687 | D:2      | Reached XP level 3. HP: 26/26 MP: 2/6
  1085 | D:2      | Found a bloodstained altar of Trog.
  1317 | D:3      | Found a shimmering altar of Xom.
  1411 | D:3      | Found a shadowy altar of Dithmenos.
  1416 | D:3      | Found a stormy altar of Qazlal.
  1418 | D:3      | Found a hazy altar of Hepliaklqana.
  1505 | D:3      | Gained mutation: You have large cloven feet. [potion of beneficial mutation]
  1507 | D:3      | Reached XP level 4. HP: 30/33 MP: 0/7
  1514 | D:3      | Learned a level 2 spell: Searing Ray
  1519 | D:3      | Learned a level 4 spell: Iskenderun's Mystic Blast
  1924 | D:4      | Noticed esteth's ghost (novice GrEE)
  2210 | D:4      | Noticed a phantom
  2276 | D:4      | Killed a phantom
  2276 | D:4      | Reached skill level 6 in Conjurations
  2276 | D:4      | Reached XP level 5. HP: 21/38 MP: 0/9
  2351 | D:4      | Noticed a phantom
  2381 | D:4      | Killed a phantom
  2381 | D:4      | Reached XP level 6. HP: 14/45 MP: 0/11
  2580 | D:4      | Noticed Duvessa
  2582 | D:4      | Noticed Dowan
  2703 | D:4      | Reached skill level 7 in Conjurations
  2711 | D:4      | Noticed Robin
  2737 | D:5      | Entered Level 5 of the Dungeon
  2782 | D:5      | Found a sand-covered staircase.
  2791 | Ossuary  | Entered an ossuary
  3812 | Ossuary  | Your scales start taking on a glossy black colour.
  3812 | Ossuary  | Reached XP level 7. HP: 50/50 MP: 7/12
  3812 | Ossuary  | Gained mutation: You are resistant to electric shocks. (rElec) [Black Draconian growth]
  3866 | D:5      | Learned a level 4 spell: Fulminant Prism
  3887 | D:5      | Noticed Blork the orc
  3893 | D:5      | Killed Blork the orc
  3974 | D:5      | Reached skill level 8 in Conjurations
  4619 | D:5      | Got a bound amber ring
  4943 | D:6      | Found a radiant altar of Vehumet.
  4947 | D:6      | Reached skill level 1 in Fighting
  4947 | D:6      | Reached XP level 8. HP: 34/59 MP: 10/15
  5001 | D:6      | Became a worshipper of Vehumet
  5137 | D:6      | Reached skill level 5 in Spellcasting
  5269 | D:6      | Identified the ring "Zeklesit" {rPois MR+ Str+7 Int+2 Stlth+} (You found it on level 5 of the Dungeon)
  5640 | D:7      | Noticed Pikel
  5652 | D:7      | Killed Pikel
  5652 | D:7      | Reached skill level 5 in Fighting
  5838 | D:7      | Found an opulent altar of Gozag.
  5915 | D:7      | Found a staircase to the Ecumenical Temple.
  6045 | D:7      | Found a sacrificial altar of Ru.
  6154 | D:7      | Reached XP level 9. HP: 78/78 MP: 12/18
  6214 | D:7      | Reached * piety under Vehumet
  6214 | D:7      | Offered knowledge of Sting by Vehumet.
  6886 | D:8      | Noticed Eustachio
  6900 | D:8      | Killed Eustachio
  7082 | D:8      | Found a snail-covered altar of Cheibriados.
  7155 | D:8      | Found a staircase to the Lair.
  7335 | D:8      | Found a glowing golden altar of the Shining One.
  7530 | D:8      | Found a glowing silver altar of Zin.
  7600 | D:8      | Offered knowledge of Throw Frost by Vehumet.
  7732 | D:9      | Reached ** piety under Vehumet
  7747 | D:9      | Reached skill level 9 in Conjurations
  8057 | D:9      | Reached XP level 10. HP: 83/91 MP: 6/21
  8065 | D:9      | Learned a level 5 spell: Iskenderun's Battlesphere
  8066 | D:9      | Identified a scroll of acquirement
  8069 | D:9      | Got an ancient hat
  8080 | D:9      | Identified the +0 hat of It's Over Quickly {+Blink rN+} (You acquired it on level 9 of the Dungeon)
  8183 | D:9      | Identified Icheddie's Early Guide to Wizardry
  8227 | D:9      | Found a staircase to the Orcish Mines.
  8331 | D:9      | Noticed Erolcha
  8344 | D:9      | HP: 2/91 [Erolcha/crystal spear (31)]
  8350 | D:9      | HP: 1/91 [Erolcha/bolt of cold (20)]
  8835 | D:9      | Found a blossoming altar of Fedhas.
  8861 | D:9      | Noticed an oklob plant
  9172 | D:10     | Entered Level 10 of the Dungeon
  9557 | D:10     | Reached skill level 10 in Conjurations
  9858 | D:10     | Learned a level 2 spell: Swiftness
 10009 | D:10     | Noticed Joseph
 10032 | D:10     | Killed Joseph
 10392 | D:10     | Gained mutation: Your system is resistant to poisons. (rPois) [mutagenic meat]
 10393 | D:10     | Gained mutation: Your muscles are strong. (Str +2) [mutagenic meat]
 10395 | D:10     | Gained mutation: You are agile. (Dex +2) [mutagenic meat]
 10396 | D:10     | Gained mutation: You occasionally shout uncontrollably at your foes. [mutagenic meat]
 10541 | D:11     | Noticed Erica
 10552 | D:11     | Killed Erica
 10552 | D:11     | Reached skill level 5 in Air Magic
 10564 | D:11     | Noticed a brown ugly thing
 10580 | D:11     | Offered knowledge of Conjure Flame by Vehumet.
 10588 | D:11     | HP: 4/91 [acid (10)]
 10589 | D:11     | Mangled by a brown ugly thing

Skill      XL: |  1  2  3  4  5  6  7  8  9 10 |
---------------+-------------------------------+-----
Conjurations   | 5 6 7 8 9 10 | 10.4
Spellcasting   | 3 4 6 7 9 |  9.0
Fighting       | 1 6 9 |  9.2
Air Magic      | 5 |  5.9
Dodging        | |  1.7
Stealth        | |  1.7

Action                   |  1- 3 |  4- 6 |  7- 9 | 10-12 || total
-------------------------+-------+-------+-------+-------++-------
Melee: Unarmed           |     8 |       |       |       ||     8
       Tailslap          |     4 |    16 |    10 |     6 ||    36
       Whip              |    23 |   113 |    31 |       ||   167
       Mace              |       |       |   110 |       ||   110
       Spear             |       |       |       |    43 ||    43
 Cast: Magic Dart        |    75 |   139 |   215 |    86 ||   515
       Searing Ray       |       |     9 |    16 |    16 ||    41
       Fulminant Prism   |       |       |    16 |     8 ||    24
       Iskenderun's Myst |       |       |     2 |     2 ||     4
       Iskenderun's Batt |       |       |       |     3 ||     3
 Abil: Breathe Lightning |       |       |     5 |     2 ||     7
       Evoke Blink       |       |       |       |     2 ||     2
Evoke: Wand              |       |       |       |     1 ||     1
  Use: Potion            |     3 |     2 |       |     4 ||     9
       Scroll            |     3 |     2 |     4 |    11 ||    20
 Stab: Distracted        |       |       |     1 |       ||     1
  Eat: Chunk             |     1 |     4 |    18 |    11 ||    34
       Pizza             |     1 |     1 |       |       ||     2
       Beef jerky        |       |     1 |       |       ||     1
       Fruit             |       |       |       |     5 ||     5
Armor: Skin              |    15 |    87 |   144 |    54 ||   300
Dodge: Dodged            |    35 |   111 |   212 |    61 ||   419
Block: Other             |       |       |    22 |    13 ||    35
       Reflection        |       |       |       |     1 ||     1
